 Dungeon Crawl Stone Soup version 0.30-a0-585-g93115170b9 (webtiles) character file.

Game seed: 3076405980542044065

9 wormed the Sneak (level 2, -12/19 HPs)
             Began as a Kobold Delver on Jan 1, 2023.
             Was a Follower of Uskayaw.
             Killed by divine providence
             ... invoked by an orc priest
              (15 damage)
             ... on level 3 of the Dungeon.
             The game lasted 00:01:24 (409 turns).

wormed the Sneak (Kobold Delver)                     Turns: 409, Time: 00:01:24

Health: -12/19     AC:  3    Str:  9    XL:     2   Next: 25%
Magic:  2/2        EV: 14    Int: 11    God:    Uskayaw [*.....]
Gold:   11         SH:  0    Dex: 16    Spells: 1/1 levels left

rFire   . . .      SeeInvis .    a - +0 short sword
rCold   . . .      Faith    .    (no shield)
rNeg    . . .      Spirit   .    b - +0 leather armour
rPois   .          Reflect  .    (no helmet)
rElec   .          Harm     .    (no cloak)
rCorr   .          Rampage  .    (no gloves)
Will    .....                    (no boots)
Stlth   ++++                     (no amulet)
HPRegen 0.23/turn                (no ring)
MPRegen 0.08/turn                (no ring)

@: hasted, very quick
A: small, no large weapons, nightstalker 3
a: Renounce Religion, Stomp


You were on level 3 of the Dungeon.
You worshipped Uskayaw.
Uskayaw was noncommittal.
You visited 2 branches of the dungeon, and saw 4 of its levels.

You collected 11 gold pieces.

Inventory:

Hand Weapons
 a - a +0 short sword (weapon)
Armour
 b - a +0 leather armour (worn)
Wands
 g - a wand of digging (3)
Scrolls
 c - a scroll of fog
Potions
 d - a potion of resistance {unknown}
 e - a potion of magic {unknown}
 h - 2 potions of flight {unknown}
 i - a potion of lignification {unknown}
 j - a potion of curing {unknown}


   Skills:
 + Level 3.4 Fighting
 * Level 3.1 Short Blades
 + Level 2.6 Dodging
 + Level 6.7 Stealth


You had one spell level left.
You didn't know any spells.
Your spell library was empty.

Dungeon Overview and Level Annotations

Branches:
Dungeon (5/15)             Temple (1/1) D:4

Altars:
Ashenzari
Cheibriados
Dithmenos
Elyvilon
Fedhas
Gozag
Hepliaklqana
Kikubaaqudgha
Makhleb
Nemelex Xobeh
Okawaru
Qazlal
Ru
Sif Muna
Uskayaw
Vehumet
Wu Jian
Xom
Yredelemnul
Zin
The Shining One


Innate Abilities, Weirdness & Mutations

You are small and have problems with some larger weapons.
You are completely attuned to the shadows.


Message History

A hobgoblin is nearby!
Found a long smoking staff.
The hobgoblin shouts!
You hear a shout! x3
The hobgoblin closely misses you.
You hear a shout! x3
You hit the hobgoblin.
The hobgoblin is severely wounded.
The hobgoblin barely misses you.
You hit the hobgoblin but do no damage.
The hobgoblin is severely wounded.
You hit the hobgoblin but do no damage.
The hobgoblin is severely wounded.
The hobgoblin hits you with a +0 war axe!
You hit the hobgoblin.
You kill the hobgoblin!
You see here a +0 war axe.
You see here a staff of cold.
A gnoll comes into view. It is wielding a +2 whip of freezing.
You see here a scroll labelled NIMUCOJ ISAENU.
You feel yourself speed up. The gnoll barely misses you.
You see here a scroll labelled NIMUCOJ ISAENU.
Found 18 gold pieces.
An orc comes into view. It is wielding a +0 flail.
A gnoll comes into view. It is wielding a +0 flail.
An orc priest comes into view. It is wielding a +0 mace.
An orc comes into view. It is wielding a +0 short sword.
An adder comes into view.
The orc priest shouts!
The orc shouts!
You hear an angry hiss.
The adder hisses angrily.
The orc priest mumbles some strange prayers to Beogh against you.
Pain shoots through your body!
An adder comes into view.
The orc priest mumbles some strange prayers to Beogh against you.
Beogh smites you!
Ouch! That really hurt!
* * * LOW HITPOINT WARNING * * *
The orc priest mumbles some strange prayers to Beogh against you.
Beogh smites you!
Ouch! That really hurt!
You die...

.##..?...##
.#.#.....#
.##...)..#
.#...|...#
..........# ##......
#..................
#............o.....
#.#..##.....g....#
#.....#$.......o@#..
###..g..........S..#
##.#.....#...oS.##
#......#.#....##
########..##..#
######..


You could see an orc priest, a gnoll, 2 adders and 2 orcs.

Vanquished Creatures
  A dart slug (D:3)
  An endoplasm (D:4)
  A goblin (D:4)
  2 hobgoblins (D:3)
  2 frilled lizards (D:3)
7 creatures vanquished.

Notes
Turn   | Place    | Note
-------+----------+-------------------------------------------
     0 | D:5      | wormed the Kobold Delver began the quest for the Orb.
     0 | D:5      | Reached XP level 1. HP: 14/14 MP: 1/1
    15 | D:5      | Noticed a jelly
   124 | D:4      | Found a staircase to the Ecumenical Temple.
   139 | Temple   | Entered the Ecumenical Temple
   228 | Temple   | Became a worshipper of Uskayaw the Reveller
   316 | D:3      | Reached * piety under Uskayaw
   369 | D:3      | Reached XP level 2. HP: 19/19 MP: 2/2
   409 | D:3      | Killed from afar by an orc priest

Illustrated notes

Levels and vault maps discovered:
D:3:      layout_loops_ring, kennysheep_decorative_pillar
D:4:      cheibrodos_thug_alley, layout_loops_ring,
          minmay_temple_entry_antechambers, enter_ossuary_2, uniq_sigmund
D:5:      layout_loops_ring, minmay_misc_feat_chi, uniq_duvessa
Temple:   grunt_wide_crystal_templ

Skill      XL: |  1 |
---------------+----+-----
Short Blades   | 3 |  3.1
Fighting       | |  3.4
Dodging        | |  2.6
Stealth        | |  6.7

Action                   || total
-------------------------++-------
Melee: Short sword       ||    16
  Use: Scroll            ||     2
       Potion            ||     1
 Stab: Sleeping          ||     4
Armor: Leather armour    ||     2
Dodge: Dodged            ||     6

Table legend: (Time is in decaauts)
 A = Elapsed time spent in this place.
 B = Non-inter-level travel time spent in this place.
 C = Inter-level travel time spent in this place.
 D = Time resting spent in this place.
 E = Time spent auto-exploring this place.
 F = Levels seen in this place.
 G = Mean time per level.
                   A        B        C        D        E       F      G
               +--------+--------+--------+--------+--------+-----+--------+
         Total |    401 |    379 |     22 |      0 |    236 |   4 |  100.2 |
       Dungeon |    303 |    303 |      0 |      0 |    177 |   3 |  101.0 |
        Temple |     98 |     76 |     22 |      0 |     59 |   1 |   98.0 |
               +--------+--------+--------+--------+--------+-----+--------+

Top non-repeatable levels by time:
     D:3: 141 daAuts
     D:4: 133 daAuts
  Temple: 98 daAuts
     D:5: 28 daAuts
